 Dungeon Crawl Stone Soup version 0.27.1-4-g1640c2035a (webtiles) character file.

Game seed: 12524005421202533956

16 zeram the Caller (level 2, -10/19 HPs)
             Began as a Merfolk Summoner on Nov 11, 2021.
             Mangled by Terence (11 damage)
             ... on level 2 of the Dungeon.
             The game lasted 00:02:52 (1673 turns).

zeram the Caller (Merfolk Summoner)                 Turns: 1673, Time: 00:02:53

Health: -10/19     AC:  2    Str:  8    XL:     2   Next: 58%
Magic:  1/5        EV: 12    Int: 14    God:
Gold:   9          SH:  0    Dex: 14    Spells: 2/5 levels left

rFire    . . .     SeeInvis .   c - +0 short sword
rCold    . . .     Faith    .   (no shield)
rNeg     . . .     Spirit   .   a - +0 robe
rPois    .         Reflect  .   (no helmet)
rElec    .         Harm     .   (no cloak)
rCorr    .         Rampage  .   (no gloves)
Will     .....                  (no boots)
Stlth    ++........             (no amulet)
HPRegen  0.06/turn              (no ring)
MPRegen  0.09/turn              (no ring)

@: no status effects
A: (nimble swimmer 2), mertail
a: no special abilities


You were on level 2 of the Dungeon.
You visited 1 branch of the dungeon, and saw 2 of its levels.

You collected 9 gold pieces.

Inventory:

Hand Weapons
 c - a +0 short sword (weapon)
Armour
 a - a +0 robe (worn)
Scrolls
 b - 3 scrolls of teleportation
 g - a scroll of brand weapon {unknown}
Potions
 d - a potion of curing {unknown}
 e - a potion of haste {unknown}
 f - a potion of brilliance {unknown}


   Skills:
 + Level 2.8 Dodging
 - Level 2.1 Stealth
 - Level 2.0 Spellcasting
 + Level 4.6 Summonings


You had 2 spell levels left.
You knew the following spells:

 Your Spells              Type           Power      Damage    Failure   Level
a - Summon Small Mammal   Summ           56%        N/A       3%          1
b - Call Imp              Summ           14%        N/A       5%          2

Your spell library contained the following spells:

 Spells                   Type           Power      Damage    Failure   Level
 Call Canine Familiar     Summ           14%        N/A       11%         3
 Summon Guardian Golem    Hex/Summ       7%         N/A       28%         3
 Summon Lightning Spire   Summ/Air       7%         N/A       67%         4


Dungeon Overview and Level Annotations

Branches:
Dungeon (2/15)

Altars:

Annotations:
D:2 Terence


Innate Abilities, Weirdness & Mutations

((You are quick and stealthy near water. (Stealth+, EV+, Speed+++)))
Your lower body shifts to a powerful aquatic tail in water.


Message History

g - a scroll labelled UMINADW ACKOP
Casting: Summon Small Mammal (safe; 3% risk of failure)
Press: ? - help, Q - select action, (/) - cycle Dir - look around, f - activate Terence looks scornfully at you.
Terence hits your quokka with a +0 trident!
Your quokka dies!
Your quokka's corpse disappears in a puff of smoke!
Casting: Summon Small Mammal (safe; 3% risk of failure)
Confirm with . or Enter, or press ? or * to list all spells.
You don't have enough magic to cast this spell.
Unknown command.
Casting: Summon Small Mammal (safe; 3% risk of failure)
Confirm with . or Enter, or press ? or * to list all spells.
You don't have enough magic to cast this spell.
Casting: Summon Small Mammal (safe; 3% risk of failure)
Confirm with . or Enter, or press ? or * to list all spells.
You don't have enough magic to cast this spell.
Your white imp hits Terence but does no damage.
Terence barely misses you.
Your white imp gestures at Terence.
The puff of frost hits Terence.
Terence hits you with a +0 trident!
You hit Terence but do no damage.
Terence is moderately wounded.
Your white imp gestures at Terence.
The puff of frost hits Terence.
Terence misses you.
Your crimson imp barely misses Terence.
Your white imp gestures at Terence.
The puff of frost hits Terence!
You hit Terence.
Terence is almost dead.
Your crimson imp disappears in a puff of smoke!
Terence hits you with a +0 trident!
* * * LOW HITPOINT WARNING * * *
Your white imp hits Terence but does no damage.
Unknown command.
You closely miss Terence.
Terence is almost dead.
Terence hits you with a +0 trident!
Ouch! That really hurt!
You die...

#.# .# #.# #.# ######## #.#
#.# .......# #.# #.#
######.###.#####.#
#......@.......#.#
....##.###@###.#.#
#.#.##.###.# #...#########
#..........###5@@.......>.
#.#...........#ยง##########
.....#.#######..# ..##.#.#
#..# .# #.#.# #..# .>##.#.#
#..# .......# #... ..###.##
##.#. . #.# .#.


You could see Terence (ally target) and a friendly white imp (summoned).

Vanquished Creatures
  A ball python (D:1)
  An endoplasm (D:1)
  3 giant cockroaches (D:1)
  3 kobolds (D:1)
  A quokka (D:1)
  A bat (D:1)
  2 frilled lizards (D:1)
  2 rats (D:1)
14 creatures vanquished.

Vanquished Creatures (collateral kills)
  3 endoplasms (D:1)
  A kobold (D:1)
4 creatures vanquished.

Grand Total: 18 creatures vanquished

Notes
Turn   | Place    | Note
-------+----------+-------------------------------------------
     0 | D:1      | zeram the Merfolk Summoner began the quest for the Orb.
     0 | D:1      | Reached XP level 1. HP: 13/13 MP: 3/3
   695 | D:1      | Reached XP level 2. HP: 14/19 MP: 5/5
  1437 | D:2      | Noticed Terence
  1465 | D:2      | Learned a level 2 spell: Call Imp
  1673 | D:2      | Mangled by Terence

Illustrated notes

Levels and vault maps discovered:
D:1:      dpeg_arrival_pits, layout_rooms
D:2:      layout_loops_ring, basic_altar, uniq_terence, uniq_crazy_yiuf_cottage,
          uniq_sigmund

Action                   || total
-------------------------++-------
Melee: Unarmed           ||    16
       Short sword       ||    44
 Cast: Summon Small Mamm ||    15
       Call Imp          ||     3
  Use: Scroll            ||     1
 Stab: Sleeping          ||     2
Armor: Robe              ||    18
Dodge: Dodged            ||    34
